 Dungeon Crawl Stone Soup version 0.24-a0-512-g2b48af375b (webtiles) character file.

Game seed: 17757334302211661550

955 Gargoyl the Skirmisher (level 7, -10/62 HPs)
             Began as a Centaur Abyssal Knight on July 20, 2019.
             Was a Believer of Lugonu.
             Killed from afar by Veteran's ghost (29 damage)
             ... with a stone arrow
             ... on level 5 of the Dungeon.
             The game lasted 00:06:51 (3864 turns).

Gargoyl the Skirmisher (Centaur Abyssal Knight)     Turns: 3864, Time: 00:06:51

Health: -10/62     AC:  9    Str: 19    XL:     7   Next: 91%
Magic:  19/19      EV:  9    Int: 11    God:    Lugonu [**....]
Gold:   321        SH:  0    Dex: 11    Spells: 6/6 levels left

rFire    . . .     SeeInvis +   r - +4 war axe
rCold    . . .     Gourm    .   (no shield)
rNeg     . . .     Faith    .   s - +3 ring mail
rPois    .         Spirit   .   (no helmet)
rElec    .         Reflect  .   (no cloak)
rCorr    .         Harm     .   (no gloves)
MR       .....                  (no barding)
Stlth    ..........             (no amulet)
HPRegen  0.20/turn              d - ring of magical power
MPRegen  0.16/turn              u - ring of see invisible

@: mighty, berserk cooldown, slowed
A: large, hooves 3, deformed body, speed 2, tough skin 3
a: Depart the Abyss, Bend Space, Renounce Religion


You were on level 5 of the Dungeon.
You worshipped Lugonu.
Lugonu was pleased with you.
You were not hungry.

You visited 1 branch of the dungeon, and saw 5 of its levels.
You visited the Abyss 1 time.

You collected 321 gold pieces.

Inventory:

Hand Weapons
 a - a +3 hand axe
 r - a +4 war axe (weapon)
Missiles
 m - 5 boomerangs (quivered)
Armour
 s - a +3 ring mail (worn)
Jewellery
 d - a ring of magical power (left hand)
 u - a ring of see invisible (right hand)
Wands
 e - a wand of acid (12)
 o - a wand of flame (8)
Scrolls
 b - 3 scrolls of teleportation
 g - a scroll of remove curse
 j - a scroll of identify
Potions
 f - a potion of flight
 h - a potion of might
 i - a potion of invisibility {unknown}
 k - a potion of heal wounds {unknown}
 l - 2 potions of magic {unknown}
 n - 4 potions of curing
 p - 2 potions of ambrosia
 q - a potion of mutation {unknown}
 t - a potion of berserk rage
Comestibles
 c - 6 rations
 v - 6 chunks of flesh


   Skills:
 + Level 5.7 Fighting
 + Level 4.0 Axes
 * Level 3.5 Armour
 * Level 2.4 Dodging
 * Level 4.0 Invocations
 + Level 0.5 Evocations


You had 6 spell levels left.
You didn't know any spells.
Your spell library contained the following spells:

 Spells                   Type           Power        Failure   Level  Hunger
 Corona                   Hex            #......      52%         1    ##.....
 Freeze                   Ice            #...         52%         1    ##.....
 Ensorcelled Hibernation  Hex/Ice        #.....       65%         2    ###....
 Throw Frost              Conj/Ice       #.....       65%         2    ###....
 Confuse                  Hex            #.......     87%         3    ####...
 Dazzling Spray           Conj/Hex       #.....       87%         3    ####...
 Ozocubu's Armour         Chrm/Ice       #.......     87%         3    ####...
 Tukima's Dance           Hex            #.......     87%         3    ####...
 Summon Ice Beast         Ice/Summ       #.......     99%         4    #####..
 Throw Icicle             Conj/Ice       #.......     99%         4    #####..


Dungeon Overview and Level Annotations

Branches:
Dungeon (5/15)             Temple (0/1) D:4

Altars:
Gozag
Makhleb
Okawaru
Ru

Annotations:
D:5 Veteran's ghost, novice GnEE


Innate Abilities, Weirdness & Mutations

You have hooves in place of feet.
Armour fits poorly on your strangely shaped body.
You cover ground very quickly.
You have extremely tough skin. (AC +3)


Message History

Veteran's ghost is heavily damaged.
Veteran's ghost hits you but does no damage.
You miss Veteran's ghost.
Veteran's ghost is heavily damaged.
Veteran's ghost says very slowly, "There's no hope."
Veteran's ghost hits you but does no damage.
You miss Veteran's ghost. Your kick misses Veteran's ghost.
Veteran's ghost is heavily damaged.
Veteran's ghost barely misses you.
You closely miss Veteran's ghost. Your kick misses Veteran's ghost.
Veteran's ghost is heavily damaged.
You are no longer berserk.
You are exhausted.
You feel yourself slow down.
Veteran's ghost hits you but does no damage.
You slash Veteran's ghost!
Veteran's ghost is severely damaged.
Veteran's ghost points at you and mumbles some strange words.
The stone arrow hits you!!
You die...

#.#
#...###..#
#.#
#.#......#
#(#
#)..###..#
#######..#
#...# #.#.#
#.#.#########
#.#...#.....#
#.##..@W≈≈≈)#
#.###.#.....#
#.# #########
...


You could see Veteran's ghost.

Vanquished Creatures
  A raiju (Abyss:2)
  Sigmund (D:3)
  3 ogres
  A scorpion (D:4)
  A small abomination (Abyss:2)
  A crimson imp (D:5)
  A bullfrog skeleton (D:4)
  2 orc wizards (D:3)
  Ijyb (D:3)
  2 adders
  An ooze (D:2)
  2 worms
  A dart slug (D:1)
  3 leopard geckos
  7 orcs
  10 bats
  3 giant cockroaches
  4 goblins
  7 hobgoblins
  9 jackals
  12 kobolds
  5 quokkas
  2 ball pythons
  9 frilled lizards
  2 jackal skeletons
  A leopard gecko skeleton (D:5)
  7 rats
99 creatures vanquished.

Notes
Turn   | Place    | Note
-------+----------+-------------------------------------------
     0 | Abyss:1  | Gargoyl the Centaur Abyssal Knight began the quest for the
                  | Orb.
     0 | Abyss:1  | Reached XP level 1. HP: 19/19 MP: 2/2
    27 | Abyss:2  | Noticed a small abomination
    58 | Abyss:2  | Noticed a raiju
    81 | Abyss:2  | Killed a small abomination
    81 | Abyss:2  | Reached XP level 2. HP: 27/27 MP: 3/3
    82 | Abyss:2  | Reached XP level 3. HP: 33/33 MP: 4/4
    84 | Abyss:2  | Killed a raiju
    84 | Abyss:2  | Reached skill level 5 in Fighting
    84 | Abyss:2  | Reached XP level 4. HP: 42/42 MP: 6/6
    84 | Abyss:2  | Reached XP level 5. HP: 48/48 MP: 6/7
    94 | Abyss:3  | Noticed a hog
    94 | Abyss:3  | a shapeshifter changed into a hog
    94 | Abyss:3  | Noticed a spiny frog
    94 | Abyss:3  | a shapeshifter changed into a spiny frog
    94 | Abyss:3  | Noticed a raiju
    94 | Abyss:3  | Noticed a raiju
    94 | Abyss:3  | Noticed a shadow demon
    94 | Abyss:3  | Noticed a hellion
    94 | Abyss:3  | Noticed a spatial maelstrom
    95 | D:1      | Escaped the Abyss
   357 | D:1      | Reached * piety under Lugonu
   598 | D:1      | Reached skill level 1 in Dodging
   938 | D:2      | Reached XP level 6. HP: 56/56 MP: 8/8
  1006 | D:2      | Found an opulent altar of Gozag.
  1089 | D:2      | Reached ** piety under Lugonu
  1304 | D:2      | Found a sacrificial altar of Ru.
  1808 | D:3      | Found a burning altar of Makhleb.
  2100 | D:3      | Found an iron altar of Okawaru.
  2334 | D:3      | Noticed Ijyb
  2352 | D:3      | Killed Ijyb
  2365 | D:3      | Noticed Sigmund
  2382 | D:3      | Killed Sigmund
  2382 | D:3      | Reached XP level 7. HP: 26/61 MP: 9/9
  3302 | D:4      | Found a staircase to the Ecumenical Temple.
  3587 | D:5      | Entered Level 5 of the Dungeon
  3795 | D:5      | Found a runed translucent door.
  3796 | D:5      | Noticed Veteran's ghost (novice GnEE)
  3864 | D:5      | Killed from afar by Veteran's ghost

Levels and vault maps discovered:
D:1:      minmay_arrival_diagonal_passages, layout_rooms, hex_intersection
D:2:      layout_basic, nicolae_ru_great_annihilating_truth,
          nicolae_gozag_cash_rules_everything_around_me
D:3:      cheibrodos_old_hovel, layout_loops_ring, bloody_makhleb,
          okawaru_gym_becter, uniq_sigmund, uniq_ijyb
D:4:      layout_basic, minmay_temple_entry_wispy
D:5:      layout_loops_ring, first_ration, ebering_ghost_reflecting_pool

Skill      XL: |  1  2  3  4  5  6  7 |
---------------+----------------------+-----
Axes           | 2 3 4 |  4.0
Fighting       | 5 |  5.7
Armour         | 2 3 |  3.5
Dodging        | 1 2 |  2.4
Invocations    | 3 4 |  4.0
Evocations     | |  0.5

Action                   |  1- 3 |  4- 6 |  7- 9 || total
-------------------------+-------+-------+-------++-------
Melee: Hand axe          |       |   176 |    17 ||   193
       Kick              |       |    27 |    10 ||    37
       War axe           |       |       |    50 ||    50
Invok: Depart the Abyss  |       |     1 |       ||     1
Evoke: Wand              |     4 |     1 |       ||     5
  Use: Scroll            |       |     4 |    11 ||    15
       Potion            |       |     3 |     2 ||     5
 Stab: Paralysed         |       |     1 |       ||     1
  Eat: Chunk             |       |     3 |     1 ||     4
       Ration            |       |       |     1 ||     1
Armor: Leather armour    |       |    77 |       ||    77
       Ring mail         |       |    35 |    28 ||    63
Dodge: Dodged            |       |   123 |    24 ||   147

Table legend:
 A = Non-vault XP
 B = Vault XP
 C = Vault XP percentage of total XP
 D = Non-vault monster count
 E = Vault monster count
 F = Vault count percentage of total count
                 A         B        C        D         E       F
            +---------+---------+-------+---------+---------+-------
      Total |    1100 |     265 |  19.4 |      92 |       7 |   7.1
            +---------+---------+-------+---------+---------+-------
        D:1 |      59 |       0 |   0.0 |      36 |       0 |   0.0
        D:2 |      57 |       5 |   8.1 |      22 |       4 |  15.4
        D:3 |     130 |     260 |  66.7 |      18 |       3 |  14.3
        D:4 |     246 |       0 |   0.0 |       7 |       0 |   0.0
        D:5 |     288 |       0 |   0.0 |       7 |       0 |   0.0
    Abyss:2 |     320 |       0 |   0.0 |       2 |       0 |   0.0
            +---------+---------+-------+---------+---------+-------
